 Dungeon Crawl Stone Soup version 0.21-a0-509-gecc5317 (webtiles) character file.

5567 Dawnplanks the Protected (level 10, -4/136 HPs)
             Began as a Minotaur Fighter on Nov 30, 2017.
             Was a Believer of the Shining One.
             Slain by a hornet (10 damage)
             ... on level 8 of the Dungeon.
             The game lasted 00:22:03 (8569 turns).

Dawnplanks the Protected (Minotaur Fighter)         Turns: 8569, Time: 00:22:04

Health: -4/136     AC: 28    Str: 24    XL:     10   Next: 44%
Magic:  11/11      EV:  2    Int:  7    God:    the Shining One [**....]
Gold:   358        SH: 12    Dex: 15    Spells: 9/9 levels left

rFire    + . .     SeeInvis .   a - +0 war axe
rCold    + . .     Gourm    .   l - +0 shield
rNeg     + + +     Faith    .   (armour currently unavailable)
rPois    +         Spirit   .   (helmet currently unavailable)
rElec    +         Reflect  .   (cloak currently unavailable)
rCorr    +         Harm     .   (gloves currently unavailable)
MR       .....     NoTele   +   (boots currently unavailable)
Stlth    +.........             (no amulet)
HPRegen  0.32/turn              k - +3 ring of protection
MPRegen  0.12/turn              B - +2 ring of intelligence

@: agile, lethally poisoned (-4 -> -5), tree-form (expiring), resistant, slowed,
glowing, very slow
A: (retaliatory headbutt)
a: Divine Shield, Renounce Religion


You were on level 8 of the Dungeon.
You worshipped the Shining One.
The Shining One was pleased with you.
You were not hungry.
You were a tree.
You visited 1 branch of the dungeon, and saw 8 of its levels.

You collected 358 gold pieces.

Inventory:

Hand Weapons
 a - a +0 war axe (weapon)
 F - a +6 scythe of venom
 G - a +2 whip of electrocution
 O - a cursed -2 trident
Missiles
 P - 14 stones (quivered)
Armour
 b - the +3 ring mail "Paidy" (melded) {rF+ rN+}
   (You found it on level 4 of the Dungeon)

   It protects you from fire.
   It protects you from negative energy.
 l - a +0 shield (worn)
 u - a +0 pair of gloves (melded)
 x - a +0 cloak (melded)
Jewellery
 k - a +3 ring of protection (left branch)
 B - a +2 ring of intelligence (right branch)
Wands
 v - a wand of flame (25)
 A - a wand of disintegration (8)
 L - a wand of paralysis (20)
 M - a wand of clouds (7)
Scrolls
 c - a scroll of noise {unknown}
 e - a scroll of amnesia {unknown}
 g - 5 scrolls of teleportation {unknown}
 h - 6 scrolls of identify {unknown}
 n - a scroll of enchant armour {unknown}
 o - 3 scrolls of enchant weapon {unknown}
 p - 3 scrolls of remove curse {unknown}
 y - a scroll of magic mapping {unknown}
 E - a scroll of summoning {unknown}
 N - a scroll of fog {unknown}
Potions
 d - a potion of might
 i - 3 potions of agility
 j - 2 potions of lignification
 q - a potion of heal wounds
 r - a potion of flight
 s - a potion of invisibility {unknown}
 w - a potion of degeneration {unknown}
 z - a potion of resistance
 C - a potion of berserk rage {unknown}
 H - a potion of ambrosia {unknown}
 I - a potion of cancellation {unknown}
 J - a potion of curing
Books
 t - a book of Changes

   Spells                             Type                      Level
   a - Beastly Appendage              Transmutation                1
   b - Sticks to Snakes               Transmutation                2
   c - Spider Form                    Transmutation/Poison         3
   d - Ice Form                       Ice/Transmutation            4
   e - Blade Hands                    Transmutation                5
 D - a book of Misfortune

   Spells                             Type                      Level
   a - Confusing Touch                Hexes                        1
   b - Confuse                        Hexes                        3
   c - Gell's Gravitas                Translocation                3
   d - Petrify                        Transmutation/Earth          4
   e - Metabolic Englaciation         Hexes/Ice                    5
   f - Yara's Violent Unravelling     Hexes/Transmutation          5
Comestibles
 f - 3 bread rations
 m - 5 meat rations
 K - a royal jelly


   Skills:
 + Level 9.0 Fighting
 + Level 8.5 Axes
 + Level 9.0 Armour
 + Level 7.1 Dodging
 + Level 8.8 Shields
 + Level 3.8 Invocations


You had 9 spell levels left.
You didn't know any spells.

Dungeon Overview and Level Annotations

Branches:
Dungeon (8/15)             Temple (0/1) D:4            Lair (0/6) D:8

Altars:
Dithmenos
Hepliaklqana
Kikubaaqudgha
Nemelex Xobeh
Qazlal
Ru
Sif Muna
Uskayaw
Vehumet
The Shining One

Shops:
D:5 }


Innate Abilities, Weirdness & Mutations

((You reflexively headbutt those who attack you in melee.))
((You have a pair of horns on your head.))


Message History

The hornet stings you.
* * * LOW HITPOINT WARNING * * *
You hit the hornet but do no damage.
The hornet is moderately wounded.
The hornet stings you.
* * * LOW HITPOINT WARNING * * *
You are poisoned.
You feel as though you will be slow longer.
The hornet stings you but does no damage.
The hornet barely misses you.
You slash the hornet!
The hornet is heavily wounded.
You feel sick.
The hornet stings you but does no damage. x2
You closely miss the hornet.
The hornet is heavily wounded.
You feel sick. You block the hornet's attack.
The hornet stings you but does no damage.
The hornet stings you!
You die...

## ### #.# #.########
#y##........#
#♣.........####### ###
#.##............... #.# ##
#............... #.#
#........#######
#.#############.##
#............#..# ###
#............#..######..
#............#..........
#####............##.######..


You could see a hornet.

Vanquished Creatures
  Pikel (D:6)
  Joseph (D:8)
  Psyche (D:8)
  A troll (D:8)
  A hornet (D:8)
  Grinder (D:6)
  Prince Ribbit (D:7)
  Sigmund (D:6)
  The ghost of mad the Archer, an amateur CeHu (D:3)
  Grum (D:8)
  Duvessa (D:7)
  A water moccasin (D:6)
  An ice beast (D:6)
  An orc warrior (D:7)
  A sky beast (D:6)
  3 ogres
  3 wolves (D:8)
  A centaur (D:5)
  A big kobold (D:6)
  3 bullfrogs
  Dowan (D:7)
  3 howler monkeys
  7 wights
  3 electric eels (D:6)
  2 crimson imps
  A quasit (D:5)
  7 hounds
  4 orc priests
  2 bullfrog skeletons
  5 jellies
  4 orc wizards (D:7)
  Jessica (D:2)
  Terence (D:2)
  3 iguanas
  7 worker ants
  A hound skeleton (D:4)
  Robin (D:2)
  16 gnolls
  11 adders
  A shadow imp (D:8)
  2 oozes
  An adder zombie (D:6)
  4 worms
  4 dart slugs
  5 leopard geckos
  16 orcs
  6 giant cockroaches
  41 goblins
  25 hobgoblins
  2 jackals (D:3)
  A quokka (D:7)
  3 ball pythons
  8 bats
  3 frilled lizards
  12 kobolds
  A quokka skeleton (D:4)
  7 rats
248 creatures vanquished.

Vanquished Creatures (others)
  3 slaves (D:6)
  An ogre (D:6)
  A hound (D:6)
  A giant cockroach (D:6)
  A hobgoblin (D:6)
7 creatures vanquished.

Grand Total: 255 creatures vanquished

Notes
Turn   | Place    | Note
-------+----------+-------------------------------------------
     0 | D:1      | Dawnplanks the Minotaur Fighter began the quest for the Orb.
     0 | D:1      | Reached XP level 1. HP: 19/19 MP: 0/0
   162 | D:1      | Reached XP level 2. HP: 27/27 MP: 1/1
   537 | D:2      | Reached XP level 3. HP: 27/33 MP: 2/2
   675 | D:2      | Noticed Robin
   684 | D:2      | Killed Robin
   684 | D:2      | Reached skill level 1 in Dodging
   684 | D:2      | Reached XP level 4. HP: 33/41 MP: 3/3
   907 | D:2      | Found a glowing golden altar of the Shining One.
   925 | D:2      | Became a worshipper of the Shining One
  1060 | D:2      | Noticed Terence
  1076 | D:2      | Killed Terence
  1213 | D:2      | Noticed Jessica
  1221 | D:2      | Killed Jessica
  1221 | D:2      | Reached XP level 5. HP: 47/47 MP: 4/4
  1765 | D:3      | Reached skill level 5 in Armour
  1772 | D:3      | Reached skill level 5 in Fighting
  1773 | D:3      | Reached XP level 6. HP: 42/56 MP: 5/5
  1806 | D:3      | Noticed mad's ghost (amateur CeHu)
  1816 | D:3      | Killed mad's ghost
  2240 | D:3      | Reached skill level 5 in Shields
  2368 | D:3      | Found a sparkling altar of Nemelex Xobeh.
  2624 | D:4      | Found a radiant altar of Vehumet.
  2626 | D:4      | Reached * piety under the Shining One
  2734 | D:4      | Got an ancient ring mail
  2745 | D:4      | Identified the +3 ring mail "Paidy" {rF+ rN+} (You found it on level 4 of the Dungeon)
  2780 | D:4      | Reached XP level 7. HP: 52/61 MP: 6/6
  3049 | D:4      | Found a staircase to the Ecumenical Temple.
  3119 | D:4      | Found a hide-covered altar of Uskayaw.
  3120 | D:4      | Found an ancient bone altar of Kikubaaqudgha.
  3130 | D:4      | Reached skill level 5 in Axes
  3135 | D:4      | Found a deep blue altar of Sif Muna.
  3237 | D:4      | Found a stormy altar of Qazlal.
  3505 | D:5      | Entered Level 5 of the Dungeon
  3763 | D:5      | Found Roqenugge's Gadget Shop.
  4117 | D:6      | Found a sacrificial altar of Ru.
  4228 | D:6      | Noticed Sigmund
  4228 | D:6      | Reached ** piety under the Shining One
  4230 | D:6      | Noticed Grinder
  4272 | D:6      | Noticed Pikel
  4276 | D:6      | Reached XP level 8. HP: 62/70 MP: 3/7
  4281 | D:6      | Killed Pikel
  4292 | D:6      | Killed Sigmund
  4420 | D:6      | Reached skill level 5 in Dodging
  4655 | D:6      | Reached XP level 9. HP: 77/79 MP: 8/8
  4839 | D:6      | Paralysed by Grinder for 3 turns
  4843 | D:6      | Killed Grinder
  4843 | D:6      | Reached skill level 1 in Invocations
  4908 | D:6      | Found a hazy altar of Hepliaklqana.
  4908 | D:6      | Found a shadowy altar of Dithmenos.
  7049 | D:7      | Noticed Dowan
  7051 | D:7      | Noticed Duvessa
  7059 | D:7      | Killed Duvessa
  7063 | D:7      | Killed Dowan
  7093 | D:7      | Found a sparkling altar of Nemelex Xobeh.
  7103 | D:7      | Noticed Prince Ribbit
  7128 | D:7      | Killed Prince Ribbit
  7523 | D:8      | Found a staircase to the Lair.
  7649 | D:8      | Reached XP level 10. HP: 87/90 MP: 11/11
  7660 | D:8      | Reached *** piety under the Shining One
  7939 | D:8      | Noticed Joseph
  7966 | D:8      | Killed Joseph
  8204 | D:8      | Noticed Psyche
  8204 | D:8      | Noticed Grum
  8224 | D:8      | Killed Psyche
  8239 | D:8      | Killed Grum
  8543 | D:8      | Paralysed by a hornet for 2 turns
  8558 | D:8      | HP: 4/136 [hornet (7)]
  8559 | D:8      | HP: 1/136 [poisoned by a hornet]
  8569 | D:8      | HP: 6/136 [poisoned by a hornet]
  8569 | D:8      | Slain by a hornet

Vault maps used:
D:1:      ncdulo_wetmaze
D:2:      old_standard_altar, uniq_robin, uniq_jessica, uniq_terence
D:3:      first_bread, nemelex_dance_club_becter
D:4:      vehumet_altar_wand_db, minitemple, temple_fountains,
          nicolae_qazlal_general_emergency
D:5:      serial_shops, shop
D:6:      minmay_goblin_kobold_castle, kennysheep_little_box,
          gammafunk_temple_overflow_elements, uniq_pikel, uniq_grinder,
          uniq_sigmund
D:7:      lemuel_crystal_altar, uniq_duvessa, uniq_prince_ribbit1
D:8:      erik_lair_island, hangedman_pestilent_swarm, uniq_psyche, uniq_grum,
          uniq_joseph

Skill      XL: |  1  2  3  4  5  6  7  8  9 10 |
---------------+-------------------------------+-----
Fighting       | 4 5 6 7 8 9 |  9.0
Armour         | 4 5 6 7 8 9 |  9.0
Axes           | 3 4 5 6 7 8 |  8.5
Dodging        | 1 2 3 4 5 6 7 |  7.1
Shields        | 4 5 7 8 |  8.8
Invocations    | 3 |  3.8

Action                   |  1- 3 |  4- 6 |  7- 9 | 10-12 || total
-------------------------+-------+-------+-------+-------++-------
Melee: War axe           |    71 |   129 |   340 |    91 ||   631
       Headbutt          |     6 |    21 |    49 |    11 ||    87
Invok: Divine Shield     |       |       |     1 |     2 ||     3
  Use: Potion            |       |       |       |     6 ||     6
  Eat: Chunk             |       |     6 |    15 |     4 ||    25
Armor: Scale mail        |    38 |    46 |       |       ||    84
       Ring mail         |       |       |   105 |    24 ||   129
       Skin              |       |       |       |    13 ||    13
Dodge: Dodged            |    31 |    35 |   128 |    38 ||   232
Block: Shield            |    38 |    64 |   199 |   110 ||   411

Table legend:
 A = Spawn XP
 B = Non-spawn XP
 C = Spawn XP percentage of total XP
 D = Spawn monster count
 E = Non-spawn monster count
 F = Spawn count percentage of total count
 G = Total turns spent on level
                    A         B        C        D         E        F      G
               +---------+---------+-------+---------+---------+-------+---------
         Total |       0 |    7954 |   0.0 |       0 |     248 |   0.0 |  8569
               +---------+---------+-------+---------+---------+-------+---------
           D:1 |       0 |      39 |   0.0 |       0 |      21 |   0.0 |   503
           D:2 |       0 |     210 |   0.0 |       0 |      29 |   0.0 |  1134
           D:3 |       0 |     408 |   0.0 |       0 |      36 |   0.0 |   946
           D:4 |       0 |     350 |   0.0 |       0 |      20 |   0.0 |   922
           D:5 |       0 |     387 |   0.0 |       0 |       8 |   0.0 |   609
           D:6 |       0 |    2296 |   0.0 |       0 |      78 |   0.0 |  2324
           D:7 |       0 |    1391 |   0.0 |       0 |      32 |   0.0 |  1005
           D:8 |       0 |    2873 |   0.0 |       0 |      24 |   0.0 |  1126
               +---------+---------+-------+---------+---------+-------+---------
